 Dungeon Crawl Stone Soup version 0.31-a0-365-gcf821cafb2 (webtiles) character file.

Game seed: 446438528005463908

2745 Hubris850 the Mimic (level 9, -5/63 HPs)
             Began as a Merfolk Shapeshifter on July 27, 2023.
             Was a Priest of Makhleb.
             Slain by a troll (7 damage)
             ... on level 8 of the Dungeon.
             The game lasted 00:14:18 (6973 turns).

Hubris850 the Mimic (Merfolk Shapeshifter)          Turns: 6973, Time: 00:14:18

Health: -5/63      AC:  5    Str: 18 (19) XL:     9   Next: 68%
Magic:  0/13       EV: 17    Int:  7      God:    Makhleb [***...]
Gold:   368        SH:  0    Dex: 12 (15) Spells: 8/8 levels left

rFire   . .          .
                       - Unarmed
rCold   . . .        (no shield)
rNeg    + . .        i - +0 ring mail
rPois   .            F - melded +0 helmet
rElec   .            S - melded +2 cloak {Stlth+}
rCorr   .            r - melded +0 pair of gloves
SInv    .            o - melded +0 pair of boots
Will    .....        t - amulet of guardian spirit
Stlth   +            p - ring of positive energy
HPRegen 0.30/turn    B - +5 ring of evasion
MPRegen 0.13/turn

%: guardian spirit
@: mighty, beast-form, on berserk cooldown, slowed, very slow
A: beast (slay +6), (nimble swimmer 2), mertail
a: Begin Untransformation, Renounce Religion, Minor Destruction, Lesser Servant
of Makhleb


You were on level 8 of the Dungeon.
You worshipped Makhleb.
Makhleb was most pleased with you.
You were a hulking beast.
You visited 1 branch of the dungeon, and saw 8 of its levels.

You collected 368 gold pieces.

Inventory:

Hand Weapons
 G - a +2 shortbow of flaming
 R - a +4 quarterstaff of chaos
Missiles
 l - 5 boomerangs of dispersal
 E - 8 boomerangs
 I - 6 javelins
 J - 12 poisoned darts
 N - a throwing net
Armour
 a - a +0 animal skin
 i - a +0 ring mail (worn)
 o - a +0 pair of boots (melded)
 r - a +0 pair of gloves (melded)
 x - a +0 tower shield
 F - a +0 helmet (melded)
 H - a +1 robe of willpower
 S - a +2 cloak of stealth (melded)
Magical Staves
 q - a staff of poison
 D - a staff of air
Jewellery
 p - a ring of positive energy (left hand)
 s - a ring of flight
 t - an amulet of guardian spirit (around neck)
 B - a +5 ring of evasion (right hand)
 L - a ring of see invisible
 M - an amulet of magic regeneration
Talismans
 c - a beast talisman
Wands
 y - a wand of flame (19)
 K - a wand of roots (13)
Scrolls
 d - 4 scrolls of enchant weapon {unknown}
 g - 4 scrolls of identify {unknown}
 j - a scroll of noise {unknown}
 k - 2 scrolls of enchant armour {unknown}
 m - 3 scrolls of blinking {unknown}
 u - 2 scrolls of poison {unknown}
 v - a scroll of vulnerability {unknown}
 w - a scroll of silence {unknown}
 A - a scroll of revelation {unknown}
 C - 2 scrolls of teleportation {unknown}
 O - a scroll of amnesia {unknown}
 P - 3 scrolls of torment {unknown}
 Q - a scroll of fear {unknown}
Potions
 b - 3 potions of lignification
 f - 2 potions of degeneration
 h - 2 potions of curing
 z - a potion of heal wounds {unknown}


   Skills:
 - Level 3.0 Fighting
 - Level 4.0 Dodging
 + Level 9.2 Unarmed Combat
 - Level 6.0 Invocations
 + Level 9.6 Shapeshifting


You had 8 spell levels left.
You didn't know any spells.
Your spell library contained the following spells:

 Spells                   Type           Power      Damage    Failure   Level
 Kiss of Death            Conj/Necr      0%         2d5       63%         1
 Confusing Touch          Hex            0%         N/A       94%         3
 Dazzling Flash           Conj/Hex       0%         N/A       94%         3
 Gell's Gravitas          Tloc           0%         N/A       94%         3
 Teleport Other           Tloc           0%         N/A       94%         3
 Dispel Undead            Necr           0%         3d6       100%        4
 Agony                    Necr           0%         N/A       100%        5
 Silence                  Hex/Air        0%         N/A       100%        5
 Dispersal                Tloc           0%         N/A       100%        6


Dungeon Overview and Level Annotations

Branches:
Dungeon (8/15)             Temple (0/1) D:5
   Lair: D:8-11

Altars:
Dithmenos
Fedhas
Makhleb
Qazlal
Uskayaw
Vehumet
Xom


Innate Abilities, Weirdness & Mutations

You are a hulking beast.
Your limbs bulge with bestial killing power. (Slay +6)
((You are very nimble when in or above water. (Stealth+, EV+, Speed+++)))
Your lower body shifts to a powerful aquatic tail in water.


Message History

You barely miss the hound. The hound barely misses you.
You barely miss the hound. The wolf misses you. The hound bites you.
* * * LOW HITPOINT WARNING * * *
You completely miss the hound. Your punch misses the hound.
The wolf misses you.
You punch the hound!
The hound is severely wounded.
The hound misses you. The wolf misses you.
You punch the hound!
You kill the hound!
Makhleb accepts your kill.
You feel better.
You pummel the wolf!!
The wolf is almost dead.
The wolf bites you but does no damage. The hound bites you.
* * * LOW HITPOINT WARNING * * *
The wolf bites you!
* * * LOW HITPOINT WARNING * * *
You pummel the wolf!!
You kill the wolf!
Makhleb accepts your kill. The hound misses you.
You pummel the hound!!
You kill the hound!
Makhleb accepts your kill.
You feel better.
You barely miss the troll. You completely miss the troll.
You completely miss the troll. The troll closely misses you.
The troll claws you but does no damage. The troll completely misses you.
You barely miss the troll. You punch the troll!
The troll is moderately wounded.
You are no longer berserk.
You are exhausted.
You feel yourself slow down. The troll bites you but does no damage.
The troll claws you!
* * * LOW HITPOINT WARNING * * *
The troll claws you!
You die...

#.#.<.......
.####.#.#######.
......#.#######.
#..........#
#..........#
####†.........#
#hh...........#
#T##..........#
#h†'..........#
####..........#
####...###.##
#.........
#.........
#........~
#........~
#...~~~≈~.
......≈≈~≈


You could see a troll and 2 hounds.

Vanquished Creatures
  Prince Ribbit (D:7)
  Grinder (D:3)
  A steam dragon (D:8)
  A sky beast (D:7)
  An ogre (D:4)
  2 centaurs
  3 ice beasts
  2 wolves (D:8)
  2 phantoms
  A kobold brigand (D:7)
  3 bullfrogs
  A scorpion (D:4)
  2 howler monkeys
  14 hounds
  Crazy Yiuf (D:7)
  An orc priest (D:6)
  A gnoll bouda (D:7)
  A jelly (D:4)
  4 iguanas
  3 orc wizards
  A sleepcap (D:7)
  5 gnolls (D:7)
  3 adders (D:2)
  2 shadow imps (D:7)
  A white imp (D:6)
  3 worms
  3 dart slugs
  16 orcs
  4 endoplasms
  2 giant cockroaches
  4 goblins
  6 hobgoblins
  4 quokkas
  5 ball pythons
  6 bats
  8 frilled lizards
  12 kobolds
  9 rats
140 creatures vanquished.

Notes
Turn   | Place    | Note
-------+----------+-------------------------------------------
     0 | D:1      | Hubris850 the Merfolk Shapeshifter began the quest for the
                  | Orb.
     0 | D:1      | Reached XP level 1. HP: 15/15 MP: 1/1
   115 | D:1      | Reached XP level 2. HP: 19/21 MP: 2/2
   660 | D:2      | Reached XP level 3. HP: 24/27 MP: 3/3
   776 | D:2      | Found a burning altar of Makhleb.
   785 | D:2      | Became a worshipper of Makhleb the Destroyer
   980 | D:2      | Reached XP level 4. HP: 17/33 MP: 4/4
  1319 | D:3      | Noticed Grinder
  1333 | D:3      | Paralysed by Grinder for 5 turns
  1354 | D:3      | Killed Grinder
  1354 | D:3      | Reached * piety under Makhleb
  1355 | D:3      | Reached skill level 5 in Shapeshifting
  1355 | D:3      | Reached XP level 5. HP: 15/41 MP: 4/6
  1355 | D:3      | Reached XP level 6. HP: 18/47 MP: 4/7
  2683 | D:4      | Reached skill level 5 in Unarmed Combat
  2683 | D:4      | Reached XP level 7. HP: 27/52 MP: 4/9
  3722 | D:5      | Entered Level 5 of the Dungeon
  3725 | D:5      | Found a staircase to the Ecumenical Temple.
  3758 | D:5      | Reached ** piety under Makhleb
  3822 | D:5      | Found a radiant altar of Vehumet.
  4128 | D:5      | Reached XP level 8. HP: 34/58 MP: 6/11
  4282 | D:5      | Found a hide-covered altar of Uskayaw.
  4822 | D:6      | Reached skill level 5 in Invocations
  4835 | D:6      | Found a stormy altar of Qazlal.
  5697 | D:7      | Found a shadowy altar of Dithmenos.
  5925 | D:7      | Reached XP level 9. HP: 51/63 MP: 9/13
  5965 | D:7      | Noticed Prince Ribbit
  5983 | D:7      | Killed Prince Ribbit
  6088 | D:7      | Found a shimmering altar of Xom.
  6282 | D:7      | Found a blossoming altar of Fedhas.
  6320 | D:7      | Reached *** piety under Makhleb
  6534 | D:7      | Found a runed translucent door.
  6535 | D:7      | Noticed Crazy Yiuf
  6846 | D:7      | Killed Crazy Yiuf
  6942 | D:8      | Noticed a troll
  6973 | D:8      | HP: 2/63 [troll (6)]
  6973 | D:8      | Slain by a troll

Illustrated notes

Levels and vault maps discovered:
D:1:      dpeg_arrival_line_fractal, layout_basic, st_stairs_14,
          serial_park_tiny_pond
D:2:      layout_rooms, basic_altar, eino_curves_01, minmay_pentomino_q2
D:3:      layout_basic, uniq_grinder
D:4:      minmay_general_purpose_star, layout_layer_cave,
          lightli_ossuary_entry_decrepit_ruins, kennysheep_pointless_box,
          hangedman_abyss_or_decor_stabs, serial_bayou_pond_a,
          kennysheep_small_circle
D:5:      layout_basic, mainiacjoe_overflow_surrounded_room,
          kennysheep_mini_moat, minmay_temple_entry_stoned_glass
D:6:      layout_gridville, nicolae_qazlal_scattered_showers
D:7:      layout_loops_ring, fedhas_altar_2, mainiacjoe_overflow_paths,
          grunt_dithmenos_smoke_and_mirrors, lightli_orcish_oven,
          uniq_crazy_yiuf_cottage, uniq_prince_ribbit1
D:8:      layout_basic, nicolae_ru_awakened_eye, erik_lair_island

Skill      XL: |  1  2  3  4  5  6  7  8  9 |
---------------+----------------------------+-----
Dodging        | 3 4 |  4.0
Fighting       | 2 3 |  3.0
Unarmed Combat | 4 5 6 7 9 |  9.2
Invocations    | 2 3 4 6 |  6.0
Shapeshifting  | 5 6 8 9 |  9.6

Action                     |  1- 3 |  4- 6 |  7- 9 || total
---------------------------+-------+-------+-------++-------
  Melee: Unarmed           |    69 |    98 |   315 ||   482
         Punch             |     2 |     3 |    13 ||    18
  Throw: Boomerang         |       |     2 |       ||     2
Ability: Begin Untransform |     1 |     2 |     2 ||     5
    Use: Potion            |       |     2 |     5 ||     7
 Armour: Animal skin       |     4 |       |       ||     4
         Ring mail         |     7 |    14 |    61 ||    82
  Dodge: Dodged            |    40 |    49 |   240 ||   329
   Form: Beast             |     1 |     2 |     2 ||     5

Table legend: (Time is in decaauts)
 A = Elapsed time spent in this place.
 B = Non-inter-level travel time spent in this place.
 C = Inter-level travel time spent in this place.
 D = Time resting spent in this place.
 E = Time spent auto-exploring this place.
 F = Levels seen in this place.
 G = Mean time per level.
                   A        B        C        D        E       F      G
               +--------+--------+--------+--------+--------+-----+--------+
         Total |   6927 |   6728 |    199 |     11 |   5660 |   8 |  865.9 |
       Dungeon |   6927 |   6728 |    199 |     11 |   5660 |   8 |  865.9 |
               +--------+--------+--------+--------+--------+-----+--------+

Top non-repeatable levels by time:
     D:4: 1572 daAuts
     D:7: 1216 daAuts
     D:5: 1029 daAuts
     D:6: 910 daAuts
     D:3: 848 daAuts
     D:1: 650 daAuts
     D:2: 645 daAuts
     D:8: 54 daAuts
